 Dungeon Crawl Stone Soup version 0.29.1-1-gd02db6906a (webtiles) character file.

Game seed: 13241646161064632283

63 Kaiern the Chiller (level 4, -1/26 HPs)
             Began as a Gargoyle Ice Elementalist on Oct 16, 2022.
             Slain by a gnoll
             ... wielding a +0 spear
              (3 damage)
             ... on level 2 of the Dungeon.
             The game lasted 00:05:31 (1636 turns).

Kaiern the Chiller (Gargoyle Ice Elementalist)      Turns: 1636, Time: 00:05:32

Health: -1/26      AC:  5    Str: 12    XL:     4   Next: 10%
Magic:  7/7        EV: 11    Int: 17    God:
Gold:   46         SH:  0    Dex: 10    Spells: 4/8 levels left

rFire   . . .      SeeInvis .   d - +0 mace
rCold   . . .      Faith    .   (no shield)
rNeg    + . .      Spirit   .   a - +0 robe
rPois   ∞          Reflect  .   (no helmet)
rElec   +          Harm     .   (no cloak)
rCorr   .          Rampage  .   (no gloves)
Will    +....                   (no boots)
Stlth   ++........              (no amulet)
HPRegen 0.08/turn               i - ring of willpower
MPRegen 0.10/turn               (no ring)

@: no status effects
A: sickness immunity, AC +3, negative energy resistance 1, electricity
resistance, torment resistance 1, petrification resistance
a: no special abilities


You were on level 2 of the Dungeon.
You visited 1 branch of the dungeon, and saw 2 of its levels.

You collected 46 gold pieces.

Inventory:

Hand Weapons
 d - a +0 mace (weapon)
Armour
 a - a +0 robe (worn)
Jewellery
 i - a ring of willpower (left hand)
Scrolls
 c - a scroll of teleportation {unknown}
 f - a scroll of fear {unknown}
 h - a scroll of noise {unknown}
 k - a scroll of vulnerability {unknown}
 l - a scroll of identify {unknown}
Potions
 e - a potion of degeneration {unknown}
 g - a potion of might {unknown}
 j - a potion of mutation {unknown}


   Skills:
 + Level 1.7 Fighting
 + Level 1.7 Armour
 - Level 1.5 Dodging
 - Level 2.1 Stealth
 + Level 2.5 Spellcasting
 + Level 4.4 Ice Magic


You had 4 spell levels left.
You knew the following spells:

 Your Spells              Type           Power      Damage    Failure   Level
a - Freeze                Ice            68%        1d8       3%          1
b - Frozen Ramparts       Ice            34%        1d6       9%          3

Your spell library contained the following spells:

 Spells                   Type           Power      Damage    Failure   Level
 Ozocubu's Armour         Ice            17%        N/A       9%          3
 Hailstorm                Conj/Ice       9%         3d4       58%         4


Dungeon Overview and Level Annotations

Branches:
Dungeon (2/15)

Altars:


Innate Abilities, Weirdness & Mutations

You are immune to sickness and miasma.
Your stone body is resilient. (AC +3)
You are immune to poison.
You resist negative energy. (rN+)
You are resistant to electric shocks. (rElec)
You are resistant to unholy torment.
You are immune to petrification.


Message History

You freeze the gnoll.
You kill the gnoll!
The gnoll closely misses you.
You hit the gnoll but do no damage.
The frilled lizard unfolds its giant frill.
The gnoll closely misses you.
The kobold hits you with a +0 short sword.
You hit the gnoll.
The gnoll is moderately wounded.
The kobold misses you. The gnoll barely misses you. x2
The kobold hits you with a +0 short sword.
You barely miss the gnoll.
The gnoll is moderately wounded.
The gnoll hits you with a +0 club. The kobold closely misses you.
You hit the gnoll.
The gnoll is moderately wounded.
The gnoll hits you with a +0 club.
* * * LOW HITPOINT WARNING * * *
The kobold barely misses you.
Casting: Freeze (safe; 3% risk of failure)
Confirm with . or Enter, or press ? or * to list all spells.
Aiming: Freeze (safe; 3% risk of failure)
Press: ? - help, Shift-Dir - straight line, f - gnoll
Aim: a gnoll, wielding a +0 club (moderately wounded)
You freeze the gnoll.
The gnoll is severely wounded.
The gnoll shouts!
The kobold hits you with a +0 short sword.
* * * LOW HITPOINT WARNING * * *
The gnoll barely misses you.
You hit the gnoll.
You kill the gnoll!
The kobold hits you but does no damage.
The frilled lizard bites you but does no damage.
The kobold hits you but does no damage.
You have reached level 4!
You feel stronger. Magic courses through your body.
The gnoll hits you from afar with a +0 spear.
You die...

#........###........#
#......#............########
#..$...#####........##.....#
#...........#........##.....#
#...$...(....................#
..#.####.....#........##.....#
.##. ###..8..#.........#.....#
#.......#.#..g..........#
.##.#..$....l@#####.......#
§§........#.K## #)......#
§P...........# #.......##
§PP.......#..######.g......#
§§§§......#....##..♣♣♣.....#
.§§§..........g...♣..♣♣....#
....##.#.##.##....♣♣..♣♣...#
#++ #..g##♣♣♣♣♣♣.#♣...♣...#
#.#..♣♣.....♣♣♣♣..♣...###


You could see a gnoll, a kobold and a frilled lizard.

Vanquished Creatures
  3 gnolls (D:2)
  An adder (D:2)
  A dart slug (D:1)
  4 bats
  5 endoplasms
  A goblin (D:1)
  2 hobgoblins (D:1)
  2 kobolds
  2 quokkas
  A jackal skeleton (D:2)
22 creatures vanquished.

Vanquished Creatures (others)
  4 fungi (D:2)
  A withered plant (D:2)
5 creatures vanquished.

Grand Total: 27 creatures vanquished

Notes
Turn   | Place    | Note
-------+----------+-------------------------------------------
     0 | D:1      | Kaiern the Gargoyle Ice Elementalist began the quest for
                  | the Orb.
     0 | D:1      | Reached XP level 1. HP: 10/10 MP: 3/3
   207 | D:1      | Reached XP level 2. HP: 8/16 MP: 0/5
  1004 | D:1      | Reached skill level 1 in Fighting
  1004 | D:1      | Reached skill level 1 in Armour
  1365 | D:2      | Reached XP level 3. HP: 17/20 MP: 3/6
  1386 | D:2      | Learned a level 3 spell: Frozen Ramparts
  1544 | D:2      | Found a faded altar of an unknown god.
  1636 | D:2      | Reached XP level 4. HP: 2/26 MP: 3/7
  1636 | D:2      | Slain by a gnoll

Illustrated notes

Levels and vault maps discovered:
D:1:      nicolae_arrival_somewhat_less_tricky_arrival, layout_loops_cross
D:2:      layout_rooms, shapermc_ecumenical_altar_totnotflames, serial_undead,
          serial_undead_e, serial_undead_d, serial_undead_a, serial_undead_b,
          serial_undead_b, serial_undead_d, serial_undead_b, serial_undead_e,
          serial_shops, shop, kennysheep_generic_room_15, uniq_natasha,
          uniq_crazy_yiuf_cottage

Skill      XL: |  1  2 |
---------------+-------+-----
Fighting       | 1 |  1.7
Armour         | 1 |  1.7
Dodging        | |  1.5
Stealth        | |  2.1
Spellcasting   | |  2.5
Ice Magic      | |  4.4

Action                   |  1- 3 |  4- 6 || total
-------------------------+-------+-------++-------
Melee: Unarmed           |     8 |       ||     8
       Mace              |    11 |       ||    11
 Cast: Freeze            |    36 |       ||    36
  Use: Potion            |       |     1 ||     1
 Stab: Sleeping          |     1 |       ||     1
Armor: Robe              |    35 |       ||    35
Dodge: Dodged            |    52 |       ||    52
